Map: Templo óseo EE

Players

Niko - Winner!

  • Race: Protoss Protoss
  • League: Silver
  • Spawn Location: 1:00

Sandunga - Winner!

  • Race: Terran Terran
  • Spawn Location: 12:00

Ferran - Winner!

  • Race: Terran Terran
  • Spawn Location: 3:00

MrFercho

  • Race: Zerg Zerg
  • League: Silver
  • Spawn Location: 7:00

TATORREA

  • Race: Protoss Protoss
  • League: Silver
  • Spawn Location: 7:00

tigro

  • Race: Terran Terran
  • League: Bronze
  • Spawn Location: 6:00

VOD

Have the link to the VOD?

Description

Time

  • Played on: May 19, 2020, 10:30 p.m.
  • Length: 7:15
Show
View Real Time Build Order
Export as new Build Order

Niko Protoss - Winner!

Build Orders:  

Get SALT Encoding   

  12  0:04  Probe  
  13  0:16  Pylon  
  13  0:20  Probe  
  14  0:35  Gateway  
  14  0:38  Probe  
  15  0:45  Assimilator  
  15  0:50  Probe  
  16  1:02  Probe  
  17  1:05  Gateway  
  17  1:14  Probe  
  18  1:21  Pylon  
  18  1:24  Zealot  
  20  1:26  Probe  
  21  1:38  Cybernetics Core  
  21  1:42  Assimilator  
  21  1:46  Probe  
  22  1:55  Zealot  
  24  2:09  Warp Gate (Chrono Boost)  
  24  2:13  Zealot  
  26  2:24  Gateway  
  26  2:28  Pylon  
  26  2:33  Pylon  
  26  2:34  Zealot  
  28  2:46  Probe  
  29  3:09  Probe  
  30  3:13  Pylon  
  30  3:22  Probe  
  31  3:31  Gateway  
  29  3:53  Zealot x3  
  33  4:16  Zealot x3  
  39  4:42  Nexus  
  39  4:45  Pylon  
  39  4:46  Stalker x3  
  39  4:47  Pylon  
  45  5:12  Forge  
  45  5:17  Probe  
  45  5:20  Twilight Council  
  46  5:29  Probe  
  45  5:46  Stalker  
  45  5:47  Zealot  
  45  5:48  Stalker  
  51  5:54  Photon Cannon  
  51  6:00  Photon Cannon  
  51  6:15  Stalker  
  51  6:16  Stalker  
  55  6:31  Probe  
  56  6:43  Probe  
  56  6:46  Stalker  
  59  6:48  Sentry  
  59  6:51  Probe  
  62  6:55  Probe  
  63  7:03  Probe  
  63  7:04  Stalker  
  67  7:15  Stalker  
Show
View Real Time Build Order
Export as new Build Order

Sandunga Terran - Winner!

Build Orders:  

Get SALT Encoding   

  12  0:01  SCV  
  13  0:13  SCV  
  14  0:21  Supply Depot  
  14  0:25  SCV  
  15  0:45  Barracks  
  15  0:46  SCV  
  16  0:53  Barracks  
  16  1:01  SCV  
  17  1:13  SCV  
  18  1:19  Barracks  
  18  1:25  SCV  
  19  1:33  Marine  
  19  1:37  SCV  
  21  1:44  Supply Depot, Marine  
  22  1:49  SCV  
  23  2:07  SCV  
  23  2:08  Marine  
  24  2:09  Marine  
  24  2:10  Marine  
  27  2:26  Orbital Command  
  27  2:27  Marine x3  
  30  2:32  Supply Depot  
  29  2:44  Marine  
  29  2:45  Marine  
  31  3:03  Marine x2  
  33  3:06  Refinery  
  33  3:08  Refinery  
  33  3:19  Command Center  
  33  3:26  Marine  
  33  3:27  Bunker, Marine x2  
  36  3:35  Engineering Bay  
  33  3:55  Marine x2  
  33  3:56  Marine  
  36  4:13  Marine x3  
  39  4:30  SCV  
  40  4:33  Supply Depot  
  38  4:42  SCV  
  38  4:44  Marine x3  
  42  5:02  Marine x2  
  44  5:09  Factory  
  44  5:15  Missile Turret  
  44  5:18  Barracks, Missile Turret  
  44  5:19  Marine  
  44  5:20  Barracks Tech Lab  
  45  5:22  Orbital Command  
  45  5:24  SCV  
  46  5:36  SCV  
  46  5:40  Marine  
  46  5:41  Marine  
  49  5:52  Barracks  
  49  6:05  Supply Depot  
  49  6:24  Marine  
  49  6:25  Marauder, Marine x2  
  54  6:26  Factory Tech Lab  
  54  6:28  SCV x2  
  54  6:31  Refinery  
Show
View Real Time Build Order
Export as new Build Order

Ferran Terran - Winner!

Build Orders:  

Get SALT Encoding   

  12  0:01  SCV  
  13  0:13  SCV  
  14  0:25  SCV  
  15  0:34  Supply Depot  
  15  0:39  Refinery  
  15  0:58  Barracks  
  15  1:09  SCV  
  16  1:21  SCV  
  16  1:23  Barracks  
  17  1:32  Engineering Bay  
  17  1:33  SCV  
  18  1:46  Marine  
  19  1:48  Supply Depot  
  19  2:00  Refinery  
  19  2:03  Marine  
  20  2:10  Orbital Command  
  20  2:12  Barracks  
  20  2:17  Marine  
  20  2:21  Marine  
  22  2:36  Barracks Reactor  
  22  2:42  Terran Infantry Weapons Level 1  
  22  2:46  Marine  
  23  3:04  Marine  
  24  3:09  Barracks Reactor  
  24  3:14  Marine x2  
  26  3:22  Marine  
  27  3:29  SCV  
  27  3:31  Marine  
  27  3:32  Marine  
  30  3:40  Marine  
  30  3:41  SCV  
  31  3:57  Supply Depot  
  31  4:18  Marine x5  
  31  4:19  Supply Depot  
  35  4:36  Marine x4  
  39  4:41  Marine  
  39  4:54  Marine x4  
  39  4:59  Marine  
  44  5:12  Supply Depot, Marine x3  
  47  5:33  Marine x4  
  51  6:14  Command Center  
  51  6:22  Marine x3  
  51  6:23  Marine  
  55  6:27  Refinery  
Show
View Real Time Build Order
Export as new Build Order

MrFercho Zerg 

Build Orders: 1 Base Baneling Bust, Pool Only 

Get SALT Encoding   

  12  0:01  Drone  
  13  0:19  Overlord  
  13  0:21  Drone  
  14  0:28  Extractor, Drone  
  14  0:34  Extractor, Drone  
  14  0:44  Drone  
  15  0:57  Spawning Pool, Drone  
  15  1:07  Drone  
  16  1:14  Overlord  
  16  1:25  Drone  
  17  1:39  Drone  
  18  1:44  Queen  
  18  1:45  Metabolic Boost  
  20  1:50  Zergling x2  
  21  2:09  Spine Crawler  
  21  2:11  Drone x2  
  22  2:32  Drone x2  
  24  2:54  Pneumatized Carapace  
  24  3:09  Overlord  
  24  3:21  Roach Warren  
  23  3:30  Baneling Nest  
  23  3:34  Zergling x6  
  23  3:35  Zergling x2  
  21  4:11  Zergling x12  
  27  4:20  Lair  
  27  4:38  Roach  
  29  4:40  Overlord  
  29  5:01  Roach  
  29  5:02  Roach x3  
  37  5:15  Spine Crawler  
  37  5:19  Spine Crawler  
  35  5:22  Spine Crawler  
  26  6:09  Overseer  
  26  6:15  Zergling x6  
Show
View Real Time Build Order
Export as new Build Order

TATORREA Protoss 

Build Orders:  

Get SALT Encoding   

  12  0:04  Probe  
  13  0:25  Probe  
  14  0:34  Pylon  
  14  0:37  Probe  
  14  0:41  Assimilator  
  15  0:52  Probe  
  16  1:08  Gateway  
  16  1:12  Gateway, Probe  
  17  1:23  Pylon  
  17  1:24  Probe  
  18  1:36  Probe  
  19  1:48  Probe  
  20  2:00  Probe  
  21  2:09  Zealot x2  
  25  2:28  Cybernetics Core  
  25  2:37  Forge  
  25  2:58  Assimilator  
  25  3:03  Probe  
  26  3:08  Stalker  
  28  3:18  Stalker  
Show
View Real Time Build Order
Export as new Build Order

tigro Terran 

Build Orders:  

Get SALT Encoding   

  12  0:04  SCV  
  13  0:16  SCV  
  14  0:30  Supply Depot  
  14  0:32  SCV  
  15  0:42  Refinery  
  15  0:52  SCV  
  16  1:05  Barracks, SCV  
  17  1:17  SCV, Refinery  
  18  1:29  SCV  
  18  1:30  Supply Depot  
  19  1:42  SCV  
  20  1:54  SCV  
  21  2:03  Marine  
  21  2:06  SCV  
  23  2:12  Barracks  
  23  2:17  Engineering Bay  
  23  2:18  SCV  
  23  2:21  Marine  
  25  2:30  SCV  
  26  2:39  Marine  
  27  2:45  Orbital Command  
  27  2:56  Marine  
  28  3:03  Factory  
  28  3:08  Barracks Tech Lab  
  28  3:14  Marine  
  29  3:32  Marine  
  27  3:43  Command Center  
  26  3:50  Marine  
  26  3:51  Marauder  
  28  4:08  Marine  
  28  4:12  Marauder  
  27  4:33  Marauder  
  27  4:35  Combat Shield  
  26  4:53  Barracks Tech Lab  
  26  4:55  Marauder  
  25  5:16  Marine  
  26  5:26  Factory Tech Lab  
  26  5:32  Marine  
  8  5:50  Marauder, Marine  
Tags
 
Add a new tag
Caveats
  • Supply blocks, unpowered buildings, or Contaminate may cause inaccurate times.
  • Supply counts are checked every 10 seconds.